 Dungeon Crawl Stone Soup version 0.31.0-9-g3a7656b989 (console) character file.

Game seed: 13089817200571569953

82 Garrluk the Firebug (level 4, -4/24 HPs)
             Began as a Deep Elf Fire Elementalist on Feb 1, 2024.
             Killed from afar by Natasha (9 damage)
             ... with a magic dart
             ... on level 2 of the Dungeon.
             The game lasted 00:15:28 (1526 turns).

Garrluk the Firebug (Deep Elf Fire Elementalist)    Turns: 1526, Time: 00:15:29

Health: -4/24      AC:  3    Str:  5    XL:     4   Next: 21%
Magic:  7/12       EV: 12    Int: 22    God:
Gold:   186        SH:  0    Dex: 15    Spells: 4/11 levels left

rFire   . . .        f - +0 dagger
rCold   . . .        (no shield)
rNeg    . . .        a - +0 robe
rPois   .            (no helmet)
rElec   .            (no cloak)
rCorr   .            (no gloves)
SInv    .            l - +0 pair of boots
Will    .....        (no amulet)
Stlth   ++           (no ring)
HPRegen 0.24/turn    (no ring)
MPRegen 0.13/turn

%: no passive effects
@: no status effects
A: no striking features
a: no special abilities


You were on level 2 of the Dungeon.
You visited 1 branch of the dungeon, and saw 3 of its levels.

You collected 186 gold pieces.

Inventory:

Hand Weapons
 f - a +0 dagger (weapon)
Missiles
 c - 2 poisoned darts
Armour
 a - a +0 robe (worn)
 j - a +0 troll leather armour
 l - a +0 pair of boots (worn)
Scrolls
 d - a scroll of vulnerability {unknown}
 e - 2 scrolls of identify {unknown}
 g - 2 scrolls of summoning {unknown}
 h - a scroll of silence {unknown}
 m - a scroll of enchant weapon {unknown}
 p - a scroll of brand weapon {unknown}
 q - a scroll of amnesia {unknown}
Potions
 b - a potion of magic
 i - a potion of berserk rage {unknown}
 k - a potion of enlightenment {unknown}
 n - a potion of ambrosia {unknown}
 o - a potion of lignification {unknown}


   Skills:
 - Level 2.4 Dodging
 - Level 2.4 Stealth
 + Level 4.2 Spellcasting
 + Level 1.5 Conjurations
 * Level 4.8 Fire Magic


You had 4 spell levels left.
You knew the following spells:

 Your Spells              Type           Power      Damage    Failure   Level
a - Foxfire               Conj/Fire      72%        2x1d7     3%          1
b - Scorch                Fire           52%        2d7       2%          2
c - Volatile Blastmotes   Fire/Tloc      30%        2d12      12%         3
d - Sting                 Conj/Alch      32%        1d5       9%          1

Your spell library contained the following spells:

 Spells                   Type           Power      Damage    Failure   Level
 Apportation              Tloc           8%         N/A       11%         1
 Necrotise                Necr           16%        1d4       11%         1
 Summon Small Mammal      Summ           16%        N/A       11%         1
 Inner Flame              Hex/Fire       15%        N/A       12%         3
 Flame Wave               Conj/Fire      18%        2d7       28%         4
 Vampiric Draining        Necr           4%         2d6       32%         3
 Martyr's Knell           Necr/Summ      4%         N/A       73%         4
 Curse of Agony           Necr           4%         N/A       97%         5


Dungeon Overview and Level Annotations

Branches:
Dungeon (3/15)

Altars:
Elyvilon
Okawaru
The Shining One

Annotations:
D:2 Natasha


Message History

You conjure some foxfire!
The foxfire hits Natasha.
Natasha is severely wounded.
The foxfire hits Natasha.
Natasha is almost dead.
The foxfire hits Natasha.
You kill Natasha!
Natasha growls in agony!
The cerulean imp disappears in a puff of smoke! x2
You have reached level 4!
You feel clever.
Your foxfire dissipates!
Your foxfire dissipates!
There is an open door here.
Unknown command.
Natasha, Servant of Life and Death comes into view.
Natasha wildly gestures.
Natasha's front paws start to glow.
Natasha casts a spell.
There is an open door here.
Natasha casts a spell at you. The magic dart hits you.
Casting: Foxfire (safe; 3% risk of failure)
Confirm with . or Enter, or press ? or * to list all spells.
You conjure some foxfire!
Natasha stares at you and mumbles some strange words.
The magic dart hits you.
Your foxfire dissipates!
The foxfire hits the cerulean imp.
The cerulean imp is moderately wounded.
Natasha growls.
Natasha stares at you and mumbles some strange words.
The magic dart hits you!
* * * LOW HITPOINT WARNING * * *
Casting: Foxfire (safe; 3% risk of failure)
Confirm with . or Enter, or press ? or * to list all spells.
You conjure some foxfire!
Natasha casts a spell at you. The magic dart hits you!
You die...
Natasha begins licking her fur clean.

†# ####...........## .#
#..>............. .#
#.############### .# #.# .# #.#
.# #.# .# #.# .# ############
#.########### .#
#....h...<.###§#.........# .#
#.########.#..v§§......#.# .#
#.#........'.@...5.....#.# .#
#.#.##.#.#.#.v......h..#.# .#
#.#.##.#.#.###########.#.# .#
#h#.##.#.#.# #....# #.#.# .#
#.#.##<#.#.# #....# #.#.# ### .#
#.#....#.#.# #....# #.#.# #..
.###.#.##.#.#.# #....# #.#.# #..
.....#......#.# #....# #.#.# #..
#############.###....####.#.###..
................')........#......
.############.###....###..#####..


You could see Natasha and a cerulean imp (summoned, ally target).

Vanquished Creatures
  Natasha (D:2)
  2 dart slugs
  2 ribbon worms
  7 endoplasms
  2 giant cockroaches (D:1)
  2 goblins
  7 hobgoblins
  2 jackals (D:3)
  A quokka (D:2)
  5 ball pythons
  A bat (D:1)
  5 frilled lizards
  9 kobolds
  2 rats (D:1)
48 creatures vanquished.

Vanquished Creatures (collateral kills)
  A foxfire (D:2)
1 creature vanquished.

Vanquished Creatures (others)
  109 foxfires
109 creatures vanquished.

Grand Total: 158 creatures vanquished

Notes
Turn   | Place    | Note
-------+----------+-------------------------------------------
     0 | D:1      | Garrluk the Deep Elf Fire Elementalist began the quest for
                  | the Orb.
     0 | D:1      | Reached XP level 1. HP: 10/10 MP: 6/6
     3 | D:1      | Noticed an electric eel
     4 | D:1      | Noticed an electric eel
   131 | D:1      | Reached XP level 2. HP: 15/15 MP: 6/8
   241 | D:1      | Learned a level 2 spell: Scorch
   647 | D:2      | You fall into a shaft and drop 1 floor!
   647 | D:3      | Found a white marble altar of Elyvilon.
   669 | D:3      | Reached XP level 3. HP: 19/19 MP: 7/10
   685 | D:3      | Found a glowing golden altar of the Shining One.
  1206 | D:2      | Learned a level 3 spell: Volatile Blastmotes
  1279 | D:2      | Noticed Natasha
  1292 | D:3      | Found an iron altar of Okawaru.
  1333 | D:2      | Learned a level 1 spell: Sting
  1420 | D:2      | Found a faded altar of an unknown god.
  1513 | D:2      | Killed Natasha
  1514 | D:2      | Reached XP level 4. HP: 19/24 MP: 7/12
  1522 | D:2      | Noticed Natasha
  1526 | D:2      | Killed from afar by Natasha

Illustrated notes

Levels and vault maps discovered:
D:1:      arrival_aquarium_b, layout_basic, minmay_domino_4
D:2:      layout_basic, dilly_ecumenical_altar_fadedgnrine, uniq_natasha
D:3:      layout_loops_corners, general_overflow_altar,
          mainiacjoe_overflow_two_lobes

Skill      XL: |  1  2  3 |
---------------+----------+-----
Fire Magic     | 4 |  4.8
Spellcasting   | 4 |  4.2
Dodging        | |  2.4
Stealth        | |  2.4
Conjurations   | |  1.5

Action                     |  1- 3 |  4- 6 || total
---------------------------+-------+-------++-------
  Melee: Unarmed           |     4 |       ||     4
         Dagger            |     5 |       ||     5
         Short sword       |     2 |       ||     2
   Cast: Foxfire           |    76 |     2 ||    78
         Scorch            |     9 |       ||     9
   Stab: Sleeping          |     1 |       ||     1
 Armour: Robe              |     8 |     4 ||    12
         Troll leather arm |    11 |       ||    11
  Dodge: Dodged            |    14 |       ||    14
